 Dungeon Crawl Stone Soup version 0.23.2-33-g5129a83184 (webtiles) character file.

Game seed: 3505849748965411343

107 funkygono the Conjurer (level 4, -2/33 HPs)
             Began as a Demigod Conjurer on June 28, 2019.
             Splashed by a jelly's acid (10 damage)
             ... on level 2 of the Dungeon.
             The game lasted 00:05:11 (1975 turns).

funkygono the Conjurer (Demigod Conjurer)           Turns: 1975, Time: 00:05:12

Health: -2/33      AC:  2    Str: 11    XL:     4   Next: 31%
Magic:  0/10       EV: 13    Int: 21    God:
Gold:   93         SH:  0    Dex: 16    Spells: 5/8 levels left

rFire    . . .     SeeInvis .   l - +0 whip
rCold    . . .     Gourm    .   (no shield)
rNeg     . . .     Faith    .   a - +0 robe
rPois    .         Spirit   .   (no helmet)
rElec    .         Reflect  .   (no cloak)
rCorr    .         Harm     .   (no gloves)
MR       .....                  (no boots)
Stlth    ++........             e - amulet of regeneration
HPRegen  0.51/turn              (no ring)
MPRegen  0.12/turn              (no ring)

@: no status effects
A: high mp 1
a: no special abilities


You were on level 2 of the Dungeon.
You were hungry.

You visited 1 branch of the dungeon, and saw 2 of its levels.

You collected 93 gold pieces.

Inventory:

Hand Weapons
 j - a +0 dagger
 l - a +0 whip (weapon)
Missiles
 f - 65 stones (quivered)
Armour
 a - a +0 robe (worn)
 d - a +0 ring mail
Jewellery
 e - an amulet of regeneration (around neck)
Scrolls
 g - a scroll of identify
 p - a scroll of enchant weapon {unknown}
 r - a scroll of remove curse
Potions
 h - a potion of lignification
 i - a potion of flight {unknown}
 k - 3 potions of curing {unknown}
 m - a potion of degeneration {unknown}
 n - a potion of magic {unknown}
 o - 3 potions of brilliance {unknown}
 q - 2 potions of might {unknown}
Comestibles
 c - 3 rations


   Skills:
 + Level 2.0 Dodging
 + Level 2.3 Stealth
 * Level 2.7 Spellcasting
 + Level 4.5 Conjurations


You had 5 spell levels left.
You knew the following spells:

 Your Spells              Type           Power        Failure   Level  Hunger
a - Magic Dart            Conj           ###.         1%          1    None
b - Searing Ray           Conj           ###...       3%          2    ##.....

Your spell library contained the following spells:

 Spells                   Type           Power        Failure   Level  Hunger
 Dazzling Spray           Conj/Hex       ##....       16%         3    ###....
 Iskenderun's Mystic Bla  Conj           ###.....     21%         4    ####...
 Force Lance              Conj/Tloc      ##......     47%         4    ####...
 Fulminant Prism          Conj/Hex       ##........   47%         4    ####...


Dungeon Overview and Level Annotations

Branches:
Dungeon (2/15)


Innate Abilities, Weirdness & Mutations

You have an increased reservoir of magic. (+10% MP)


Message History

The jelly hits you.
You are splashed with acid!
The searing ray hits the jelly.
You kill the jelly!
Your Dodging skill increases to level 2!
You have reached level 4!
Without enough magic to sustain it, your searing ray dissipates.
The jelly barely misses you.
You hit the jelly.
Your hands burn!
The jelly is moderately wounded.
The jelly barely misses you.
You hit the jelly.
Your hands burn!
The jelly is heavily wounded.
The jelly hits you but does no damage.
You hit the jelly.
Your hands burn!
* * * LOW HITPOINT WARNING * * *
The jelly is heavily wounded.
The jelly completely misses you. The jelly hits you.
* * * LOW HITPOINT WARNING * * *
You are splashed with acid!
You die...

#..(# #.#.########.
##(## #.. #.#.# #. #.#
#.P #.#.# #. #.# #..
#.#.# #. #.# #.P #.#.#
#. #####'####JP #.#.#
## ........##.. #.#.#
........# #'#######
#.#.######### ........#
#)..J@.###............
#####.###
########.##.#.#########
#.# #....'..###.#.# #.#
#....######.#+##### #.#
#.......##........# #.#
#.......##........# #.#
#.......##........# #.#
#..[....##........# #.#
##.....###........#


You could see a jelly.

Vanquished Creatures
  A jelly (D:2)
  2 adders (D:2)
  An ooze (D:2)
  A worm (D:2)
  2 leopard geckos
  2 ball pythons (D:2)
  5 bats
  6 giant cockroaches
  6 goblins
  5 hobgoblins
  10 kobolds
  4 frilled lizards
  5 rats
50 creatures vanquished.

Vanquished Creatures (others)
  11 toadstools (D:2)
11 creatures vanquished.

Grand Total: 61 creatures vanquished

Notes
Turn   | Place    | Note
-------+----------+-------------------------------------------
     0 | D:1      | funkygono the Demigod Conjurer began the quest for the Orb.
     0 | D:1      | Reached XP level 1. HP: 14/14 MP: 5/5
   329 | D:1      | Reached XP level 2. HP: 20/20 MP: 4/7
   333 | D:1      | Learned a level 2 spell: Searing Ray
   579 | D:1      | Reached skill level 4 in Conjurations
  1140 | D:2      | Reached XP level 3. HP: 21/26 MP: 2/8
  1971 | D:2      | Reached XP level 4. HP: 18/33 MP: 1/10
  1975 | D:2      | Splashed by a jelly's acid

Skill      XL: |  1  2  3 |
---------------+----------+-----
Spellcasting   | 2 |  2.7
Stealth        | 2 |  2.3
Conjurations   | 4 |  4.5
Dodging        | 2 |  2.0

Action                   |  1- 3 |  4- 6 || total
-------------------------+-------+-------++-------
Melee: Club              |     1 |       ||     1
       Whip              |       |     3 ||     3
 Cast: Magic Dart        |    78 |       ||    78
       Searing Ray       |     7 |       ||     7
  Use: Scroll            |     4 |       ||     4
  Eat: Chunk             |     3 |       ||     3
Armor: Robe              |     7 |     1 ||     8
Dodge: Dodged            |    18 |     3 ||    21
